Map: Carnage sur Korhal EC

Players

zidar

  • Race: Zerg Zerg
  • League: Silver
  • Spawn Location: 12:00

Sin - Winner!

  • Race: Zerg Zerg
  • League: Gold
  • Spawn Location: 6:00

VOD

Have the link to the VOD?

Description

Time

  • Played on: April 27, 2016, 8 a.m.
  • Length: 7:09
Show
View Real Time Build Order
Export as new Build Order

zidar Zerg 

Build Orders: Pool First 

Get SALT Encoding   

  12  0:02  Drone  
  13  0:12  Overlord  
  13  0:17  Drone  
  14  0:30  Drone x2  
  14  0:35  Drone  
  17  0:48  Spawning Pool  
  17  0:49  Drone  
  17  1:00  Drone  
  18  1:17  Drone  
  19  1:21  Hatchery  
  19  1:25  Drone  
  19  1:27  Extractor  
  19  1:32  Overlord  
  18  1:51  Queen  
  20  2:07  Roach Warren  
  19  2:14  Drone x2  
  19  2:15  Drone  
  22  2:17  Extractor  
  20  2:27  Queen  
  22  2:49  Drone x5  
  27  3:02  Roach  
  27  3:03  Roach  
  31  3:10  Roach  
  31  3:11  Roach  
  35  3:13  Overlord  
  35  3:14  Overlord  
  37  3:34  Roach x4  
  43  3:44  Roach x2  
  47  3:55  Ravager  
  47  3:56  Ravager x2  
  50  4:16  Roach  
  52  4:19  Overlord x2  
  52  4:20  Overlord  
  25  5:03  Roach x6  
Show
View Real Time Build Order
Export as new Build Order

Sin Zerg - Winner!

Build Orders: Hatch First 

Get SALT Encoding   

  12  0:02  Drone  
  13  0:14  Drone  
  14  0:35  Hatchery  
  13  0:40  Drone  
  14  0:54  Spawning Pool  
  13  1:00  Extractor  
  13  1:03  Overlord  
  12  1:09  Drone  
  13  1:25  Drone x2  
  15  1:28  Drone  
  16  1:47  Zergling x6  
  19  1:59  Drone x2  
  21  2:18  Drone x2  
  23  2:24  Spine Crawler  
  23  2:26  Drone  
  23  2:30  Overlord  
  23  2:40  Metabolic Boost  
  23  2:42  Drone  
  24  2:52  Overlord x2  
  24  3:01  Queen x2  
  28  3:11  Drone x3  
  31  3:13  Drone  
  31  3:19  Baneling Nest  
  31  3:22  Drone  
  31  3:26  Drone  
  33  3:45  Zergling x2  
  33  3:46  Zergling x10  
  39  4:05  Drone x2  
  41  4:15  Overlord x3  
  41  4:16  Drone x3  
  43  4:47  Extractor  
  43  4:50  Roach Warren  
  37  5:08  Spine Crawler  
  37  5:09  Drone x2  
  37  5:10  Spine Crawler, Drone x9  
  46  5:19  Overlord x3  
  46  5:21  Zergling x8  
  49  5:50  Roach x5  
  49  5:51  Roach x5  
  62  6:16  Roach  
  62  6:17  Roach x4  
  50  6:36  Roach  
  50  6:37  Roach x6  
  60  6:51  Zergling x2  
  60  6:52  Zergling x4  
Tags
 
Add a new tag
Caveats
  • Supply blocks, unpowered buildings, or Contaminate may cause inaccurate times.
  • Supply counts are checked every 10 seconds.